 Dungeon Crawl Stone Soup version 0.19.5 (webtiles) character file.

1374 greprep the Covert (level 8, -8/37 HPs)
             Began as a Spriggan Enchanter on May 4, 2017.
             Killed from afar by Dowan (18 damage)
             ... with a stone arrow
             ... on level 5 of the Dungeon.
             The game lasted 00:20:44 (6024 turns).

greprep the Covert (Spriggan Enchanter)             Turns: 6024, Time: 00:20:45

Health: -8/37      AC:  3    Str:  6    XL:     8   Next: 39%
Magic:  0/17       EV: 20    Int: 17    God:
Gold:   193        SH:  0    Dex: 16    Spells: 4 memorised, 9 levels left

rFire  + . .     SeeInvis +     a - +1 dagger
rCold  . . .     Gourm    .     b - +1 robe
rNeg   . . .     Faith    .     (shield restricted)
rPois  .         Spirit   .     (helmet restricted)
rElec  .         Reflect  .     (no cloak)
rCorr  .         Harm     .     (gloves unavailable)
MR     ++...                    (boots unavailable)
Stlth  ++++......               (no amulet)
                                w - ring of protection from magic
                                l - ring of protection from fire

@: very quick
A: unfitting armour, see invisible, herbivore 3, speed 3, slow metabolism 2
a: no special abilities


You were on level 5 of the Dungeon.
You were full.

You visited 1 branch of the dungeon, and saw 5 of its levels.

You collected 223 gold pieces.
You spent 30 gold pieces at shops.

Inventory:

Hand Weapons
 a - a +1 dagger (weapon)
Armour
 b - a +1 robe (worn)
Jewellery
 l - a ring of protection from fire (left hand)
 w - a ring of protection from magic (right hand)
 A - an uncursed ring of protection from cold {unknown}
Wands
 h - a wand of random effects (8/48)
 u - a wand of polymorph (8/24)
Scrolls
 e - a scroll of enchant armour {unknown}
 f - 6 scrolls of remove curse {unknown}
 g - a scroll of recharging {unknown}
 m - a scroll of noise {unknown}
 n - a scroll of enchant weapon {unknown}
 p - a scroll of magic mapping {unknown}
 r - a scroll of teleportation {unknown}
 z - a scroll of fear {unknown}
Potions
 d - 2 potions of flight
 j - a potion of brilliance
 k - 2 potions of curing
 o - a potion of heal wounds {unknown}
 q - a potion of lignification {unknown}
 s - a potion of resistance {unknown}
 t - 2 potions of might
Books
 c - a book of Maledictions

   Spells                             Type                      Level
   a - Corona                         Hexes                        1
   b - Ensorcelled Hibernation        Hexes/Ice                    2
   c - Confuse                        Hexes                        3
   d - Tukima's Dance                 Hexes                        3
   e - Dazzling Spray                 Conjuration/Hexes            3
 x - the Grimoire of Spatial Weightlessness
   (You found it on level 6 of the Dungeon)

   Spells                             Type                      Level
   a - Shroud of Golubria             Charms/Translocation         2
   b - Teleport Other                 Translocation                3
   c - Passage of Golubria            Translocation                4
   d - Silence                        Hexes/Air                    5
   e - Freezing Cloud                 Conjuration/Ice/Air          6
Comestibles
 i - 2 fruits


   Skills:
 + Level 1.0 Fighting
 + Level 4.0 Short Blades
 + Level 4.6 Dodging
 + Level 9.8 Stealth
 + Level 5.8 Spellcasting
 + Level 0.5 Conjurations
 + Level 6.3 Hexes
 + Level 2.6 Ice Magic


You had 9 spell levels left.
You knew the following spells:

 Your Spells              Type           Power        Failure   Level  Hunger
a - Corona                Hex            ####...      1%          1    None
b - Ensorcelled Hibernat  Hex/Ice        ###...       3%          2    None
c - Dazzling Spray        Conj/Hex       ###...       12%         3    ##.....
d - Tukima's Dance        Hex            ####....     3%          3    ##.....


Dungeon Overview and Level Annotations

Branches:
Dungeon (6/15)
 Temple: D:4-7

Altars:
Fedhas
Trog
The Shining One

Shops:
D:5 !=

Annotations:
D:3 Azzok's ghost, amateur GrFi
D:5 Dowan


Innate Abilities, Weirdness & Mutations

You are very small and have problems with some larger weapons.
You are too small for most types of armour.
You have supernaturally acute eyesight. (SInv)
You are a herbivore.
You cover ground extremely quickly.
You need consume almost no food.


Message History

Confirm with . or Enter, or press ? or * to list all spells.
Aiming: Ensorcelled Hibernation
Press: ? - help, Shift-Dir - straight line, f - centaur
Aim: a centaur (chance to defeat MR: 50%)
The centaur resists with some effort.
The centaur closely misses you.
Casting: Ensorcelled Hibernation
Confirm with . or Enter, or press ? or * to list all spells.
Aiming: Ensorcelled Hibernation
Press: ? - help, Shift-Dir - straight line, f/p - centaur
Aim: a centaur (chance to defeat MR: 50%)
The centaur looks drowsy...
You are too injured to fight recklessly!
The helpless centaur fails to defend itself.
You perforate the centaur like a sieve!!!
You kill the centaur!
Your Fighting skill increases to level 1!
Your Short Blades skill increases to level 4!
Dowan casts a spell at you. The stone arrow hits you!
You die...

#.P.P..).........#
#........).......#
###....##)######## ##### #..#
#..## ####..###
#######.......#
#.e..##.###...#
#)##@##.(.#.@.#### #.
#.##.####.#......# ##.#######
#§##....#.#...##.#
##........###c#####'#...#(.#.#
.#............##..........>..#
.#......#.∩.####.....).......#
.#.........c####..c..........#
.##.......#..†.#.............#
.#######.#####ec(.§..........#


You could see Dowan.

Vanquished Creatures
  Sigmund (D:5)
  Edmund (D:6)
  Duvessa (D:5)
  An orc warrior (D:6)
  An ogre (D:5)
  2 centaurs
  A bullfrog (D:6)
  A crimson imp (D:6)
  A howler monkey (D:6)
  A bullfrog zombie (D:5)
  A hound (D:5)
  A centaur skeleton (D:6)
  2 orc priests (D:6)
  An iguana (D:5)
  Jessica (D:3)
  3 worker ants
  3 orc wizards
  2 gnolls (D:5)
  4 adders
  A shadow imp (D:5)
  4 oozes
  A dart slug (D:2)
  6 leopard geckos
  20 orcs
  10 bats
  3 giant cockroaches
  5 goblins
  5 hobgoblins
  5 jackals
  4 kobolds
  A quokka (D:6)
  6 frilled lizards
  9 rats
109 creatures vanquished.

Vanquished Creatures (collateral kills)
  2 gnolls (D:5)
2 creatures vanquished.

Grand Total: 111 creatures vanquished

Notes
Turn   | Place    | Note
-------+----------+-------------------------------------------
     0 | D:1      | greprep the Spriggan Enchanter began the quest for the Orb.
     0 | D:1      | Reached XP level 1. HP: 9/9 MP: 5/5
   173 | D:1      | Reached XP level 2. HP: 9/13 MP: 6/6
   562 | D:1      | Learned a level 2 spell: Ensorcelled Hibernation
   874 | D:1      | Reached skill level 5 in Stealth
  1323 | D:2      | Reached XP level 3. HP: 14/16 MP: 2/8
  1576 | D:2      | Noticed Jessica
  2007 | D:2      | Reached XP level 4. HP: 18/21 MP: 4/9
  2039 | D:2      | Found a faded altar of an unknown god.
  2039 | D:2      | Found a faded altar of an unknown god.
  2074 | D:2      | Found a faded altar of an unknown god.
  2076 | D:2      | Found a faded altar of an unknown god.
  2077 | D:2      | Found a glowing golden altar of the Shining One.
  2727 | D:3      | Found a bloodstained altar of Trog.
  2738 | D:3      | Noticed Azzok's ghost (amateur GrFi)
  2857 | D:3      | Learned a level 3 spell: Dazzling Spray
  3180 | D:3      | Reached skill level 6 in Stealth
  3219 | D:3      | Reached XP level 5. HP: 24/24 MP: 7/11
  3255 | D:3      | Killed Jessica
  3542 | D:3      | You fall through a shaft for 3 floors!
  3552 | D:6      | Noticed a centaur
  3557 | D:6      | Killed a centaur
  3557 | D:6      | Reached skill level 7 in Stealth
  3602 | D:6      | Noticed Edmund
  3788 | D:6      | Killed Edmund
  3788 | D:6      | Reached skill level 1 in Ice Magic
  3788 | D:6      | Reached XP level 6. HP: 14/28 MP: 4/13
  4049 | D:6      | Reached skill level 8 in Stealth
  4049 | D:6      | Reached skill level 5 in Hexes
  4103 | D:6      | Identified the Grimoire of Spatial Weightlessness
  4112 | D:6      | Noticed an orc warrior
  4474 | D:6      | Killed an orc warrior
  4474 | D:6      | Reached XP level 7. HP: 32/32 MP: 7/14
  4900 | D:5      | Entered Level 5 of the Dungeon
  5361 | D:5      | Found Ybaxzo's Distillery.
  5366 | D:5      | Reached skill level 9 in Stealth
  5368 | D:5      | Bought a potion of curing for 30 gold pieces
  5398 | D:5      | Found a blossoming altar of Fedhas.
  5538 | D:5      | Found Hegyque's Jewellery Boutique.
  5539 | D:5      | Noticed Sigmund
  5539 | D:5      | Noticed Duvessa
  5539 | D:5      | Noticed Dowan
  5571 | D:5      | Learned a level 3 spell: Tukima's Dance
  5699 | D:6      | Reached skill level 5 in Spellcasting
  5897 | D:5      | Reached XP level 8. HP: 17/37 MP: 9/16
  5975 | D:5      | Killed Duvessa
  5988 | D:5      | Killed Sigmund
  6023 | D:5      | Reached skill level 1 in Fighting
  6024 | D:5      | Killed from afar by Dowan

Skill      XL: |  1  2  3  4  5  6  7  8 |
---------------+-------------------------+-----
Stealth        | 5 6 7 8 9 |  9.8
Hexes          | 4 5 6 |  6.3
Short Blades   | 2 3 4 |  4.0
Spellcasting   | 3 4 5 |  5.8
Ice Magic      | 1 2 |  2.6
Dodging        | 4 |  4.6
Fighting       | 1 |  1.0
Conjurations   | |  0.5

Action                   |  1- 3 |  4- 6 |  7- 9 || total
-------------------------+-------+-------+-------++-------
Melee: Dagger            |   126 |    95 |   131 ||   352
 Cast: Ensorcelled Hiber |    19 |    32 |    44 ||    95
       Corona            |     1 |     3 |       ||     4
       Dazzling Spray    |       |    10 |       ||    10
       Tukima's Dance    |       |       |     4 ||     4
  Use: Scroll            |       |     3 |     1 ||     4
       Potion            |       |       |     1 ||     1
 Stab: Sleeping          |    22 |    30 |    24 ||    76
       Distracted        |       |     1 |     1 ||     2
       Invisible         |       |     1 |       ||     1
  Eat: Bread ration      |       |     1 |     1 ||     2
       Pizza             |       |       |     1 ||     1
Armor: Robe              |    18 |    10 |    12 ||    40
Dodge: Dodged            |   110 |    67 |   152 ||   329
